 Dungeon Crawl Stone Soup version 0.19.0-20-gbc5f0c6 (webtiles) character file.

10614 KarmaPolice the Dealer of Despair (level 11, -17/86 HPs)
             Began as a Vampire Skald on Nov 17, 2016.
             Was an Elder of Kikubaaqudgha.
             Killed from afar by a gargoyle (19 damage)
             ... with a stone arrow
             ... on level 12 of the Dungeon.
             The game lasted 01:25:24 (23427 turns).

KarmaPolice the Dealer of Despair (Vampire Skald)  Turns: 23427, Time: 01:25:25

Health: -17/86     AC:  8    Str: 12    XL:     11   Next: 38%
Magic:  7/22       EV: 11    Int: 16    God:    Kikubaaqudgha [****..]
Gold:   738        SH:  0    Dex: 15    Spells: 7 memorised, 3 levels left

rFire  . . .     SeeInvis +     s - +2 dagger (speed)
rCold  + . .     Gourm    .     S - +0 troll leather armour
rNeg   + + .     Faith    .     (no shield)
rPois  +         Spirit   .     z - +0 helmet
rElec  .         Reflect  .     R - +0 cloak
rCorr  .         Harm     .     h - +0 pair of gloves
MR     ++...                    (no boots)
Stlth  ++........               (no amulet)
                                M - ring of protection from magic
                                y - +2 ring of slaying

@: infused, singing, very slightly contaminated, regenerating slowly, hasted,
very quick
A: fangs 3, see invisible, unbreathing
a: Bat Form, Receive Corpses, Renounce Religion, Stop Singing


You were on level 12 of the Dungeon.
You worshipped Kikubaaqudgha.
Kikubaaqudgha was greatly pleased with you.
You were very thirsty.

You visited 2 branches of the dungeon, and saw 14 of its levels.

You collected 738 gold pieces.

Inventory:

Hand Weapons
 a - a +0 falchion
 s - a +2 dagger of speed (weapon)
 I - a +0 blowgun
Missiles
 m - 5 curare-tipped needles
 L - 2 throwing nets (quivered)
Armour
 h - a +0 pair of gloves (worn)
 z - a +0 helmet (worn)
 R - a +0 cloak (worn)
 S - a +0 troll leather armour (worn)
Magical Staves
 A - an uncursed staff of energy
Jewellery
 b - an uncursed ring of resist corrosion
 y - a +2 ring of slaying (left hand)
 M - a ring of protection from magic (right hand)
 O - an uncursed amulet of rage
Wands
 v - a wand of hasting (0/9)
 w - a wand of lightning (0/15)
 F - a wand of confusion (6/48)
 K - a wand of paralysis (7/24)
 V - a wand of confusion (13/48)
 W - a wand of acid (0/15)
Scrolls
 g - 5 scrolls of enchant weapon
 j - a scroll of fog {unknown}
 k - 3 scrolls of enchant armour {unknown}
 o - 4 scrolls of remove curse
 r - 2 scrolls of teleportation {unknown}
 t - 4 scrolls of recharging
 N - a scroll of magic mapping {unknown}
 Q - a scroll of summoning {unknown}
 T - a scroll of blinking {unknown}
 U - 2 scrolls of amnesia {unknown}
 Z - a scroll of noise {unknown}
Potions
 d - 3 potions of blood
 e - 4 potions of haste
 f - 8 potions of curing {unknown}
 i - 2 potions of beneficial mutation {unknown}
 l - 2 potions of cancellation {unknown}
 n - 4 potions of heal wounds {unknown}
 p - 2 potions of agility {unknown}
 q - a potion of mutation {unknown}
 u - 4 potions of invisibility {unknown}
 x - a potion of cure mutation {unknown}
 B - a potion of berserk rage {unknown}
 C - a potion of ambrosia {unknown}
 D - a potion of brilliance {unknown}
 G - a potion of flight {unknown}
 J - a potion of degeneration {unknown}
 P - a potion of experience {unknown}
 X - a potion of lignification {unknown}
 Y - a potion of resistance {unknown}
Books
 c - Kikubaaqudgha's Disquisition on Sinister Magic
   (Kikubaaqudgha gifted it to you on level 11 of the Dungeon)

   Spells                             Type                      Level
   a - Excruciating Wounds            Charms/Necromancy            5
   b - Agony                          Necromancy                   5
   c - Cigotuvi's Embrace             Necromancy                   5
   d - Dispel Undead                  Necromancy                   5
   e - Simulacrum                     Ice/Necromancy               6
 E - a book of Necromancy

   Spells                             Type                      Level
   a - Pain                           Necromancy                   1
   b - Animate Skeleton               Necromancy                   1
   c - Vampiric Draining              Necromancy                   3
   d - Regeneration                   Charms/Necromancy            3
   e - Animate Dead                   Necromancy                   4
   f - Control Undead                 Necromancy                   4
 H - a book of Minor Magic

   Spells                             Type                      Level
   a - Magic Dart                     Conjuration                  1
   b - Blink                          Translocation                2
   c - Call Imp                       Summoning                    2
   d - Repel Missiles                 Charms/Air                   2
   e - Slow                           Hexes                        2
   f - Conjure Flame                  Conjuration/Fire             3
   g - Mephitic Cloud                 Conjuration/Poison/Air       3


   Skills:
 - Level 8.3 Fighting
 - Level 4.9(7.2) Short Blades
 - Level 7.5(8.1) Long Blades
 + Level 4.1 Armour
 - Level 1.1 Dodging
 + Level 7.5 Spellcasting
 - Level 5.0 Charms
 + Level 9.4 Necromancy
 + Level 1.1 Evocations


You had 3 spell levels left.
You knew the following spells:

 Your Spells              Type           Power        Failure   Level  Hunger
a - Infusion              Chrm           ###.         1%          1    None
b - Shroud of Golubria    Chrm/Tloc      ##........   12%         2    None
c - Song of Slaying       Chrm           ###.....     3%          2    None
d - Regeneration          Chrm/Necr      ####......   2%          3    ##.....
e - Animate Dead          Necr           N/A          3%          4    ####...
f - Dispel Undead         Necr           #####...     12%         5    #####..
g - Agony                 Necr           #####...     12%         5    #####..


Dungeon Overview and Level Annotations

Branches:
Dungeon (13/15)            Temple (1/1) D:4            Lair (0/6) D:11
    Orc (0/2) D:10         Vaults (0/5) D:13

Altars:
Ashenzari
Cheibriados
Dithmenos
Elyvilon
Fedhas
Gozag
Hepliaklqana
Kikubaaqudgha
Makhleb
Nemelex Xobeh
Okawaru
Qazlal
Ru
Sif Muna
Trog
Uskayaw
Vehumet
Xom
Yredelemnul
Zin
The Shining One

Annotations:
D:3 Philosophy's ghost, amateur HOFi
D:6 Grinder; Menkaure
D:13 Rupert


Innate Abilities, Weirdness & Mutations

You heal slowly.
You have razor-sharp teeth.
You have supernaturally acute eyesight. (SInv)
You can survive without breathing.


Message History

Press: ? - help, Shift-Dir - straight line, f/p - gargoyle
Aim: a gargoyle, wielding a flail (almost destroyed, chance to defeat MR: 30%)
The gargoyle easily resists.
Evoking this partially-identified wand wasted a few charges.
Evoke which item? (* to show all) (? for menu, Esc to quit)
Zapping:
V - a wand of confusion {zapped: 15} (will waste charges)
Press: ? - help, Shift-Dir - straight line, f/p - gargoyle
Aim: a gargoyle, wielding a flail (almost destroyed, chance to defeat MR: 30%)
The gargoyle easily resists.
Evoking this partially-identified wand wasted a few charges.
Your skill with magical items lets you calculate the power of this device...
This wand has 13 charges left.
The gargoyle hurls a stone arrow at you.
The stone arrow hits you!
* * * LOW HITPOINT WARNING * * *
Okay, then.
The gargoyle hurls a stone arrow at you.
The stone arrow hits you!
You die...
Kikubaaqudgha rasps: "You have failed me!
Welcome... oblivion!"

#.........#.#
######....#.# #....#.#
#....#.# #....#.#
+....#.# #....#.#
##......# #.@.....#
#.##....# #.##....#
#9##....# #.......#
....... ..#.......#
...... ..#.).....# .
#...9# ...#.......#
..##....##...#.......#


You could see a gargoyle.

Vanquished Creatures
  Josephine (D:10)
  An ugly thing (D:11)
  2 trolls
  A two-headed ogre (D:12)
  3 hippogriffs
  4 redbacks (D:12)
  A shadow (D:11)
  3 yaks
  Eustachio (D:6)
  A basilisk (D:11)
  5 wraiths
  A hungry ghost (D:9)
  A mottled dragon (D:11)
  7 porcupines
  3 orc warriors
  8 ice beasts
  4 sky beasts
  A black bear (D:6)
  3 phantoms
  A necrophage (D:11)
  4 ogres
  2 centaurs
  A big kobold (D:9)
  Blork the orc (D:6)
  8 bullfrogs
  8 scorpions
  2 wights (D:11)
  4 howler monkeys
  A bullfrog zombie (D:8)
  3 crimson imps
  2 jellies
  2 quasits
  2 centaur zombies (D:5)
  Crazy Yiuf (D:7)
  A centaur skeleton (D:6)
  4 orc priests
  A bullfrog skeleton (D:12)
  3 hounds
  7 orc wizards
  8 worker ants
  A hound zombie (D:7)
  2 hound skeletons
  Robin (D:4)
  A worker ant zombie (D:8)
  16 adders
  8 river rats
  3 shadow imps
  An ooze (D:1)
  An adder zombie (D:5)
  5 worms
  6 dart slugs
  6 leopard geckos
  29 orcs
  2 ball pythons
  6 giant cockroaches
  16 goblins
  16 hobgoblins
  23 jackals
  4 quokkas
  8 bats
  4 frilled lizards
  A jackal skeleton (D:7)
  8 kobolds
  A leopard gecko skeleton (D:9)
  2 leopard gecko zombies
  12 rats
  A rat zombie (D:5)
301 creatures vanquished.

Vanquished Creatures (collateral kills)
  A porcupine (D:11)
  A worker ant (D:11)
  A jackal (D:11)
3 creatures vanquished.

Grand Total: 304 creatures vanquished

Notes
Turn   | Place    | Note
-------+----------+-------------------------------------------
     0 | D:1      | KarmaPolice the Vampire Skald began the quest for the Orb.
     0 | D:1      | Reached XP level 1. HP: 16/16 MP: 3/3
   230 | D:1      | Reached XP level 2. HP: 22/22 MP: 0/5
   703 | D:1      | Reached XP level 3. HP: 20/27 MP: 6/6
  1659 | D:2      | Learned a level 2 spell: Shroud of Golubria
  1726 | D:1      | Reached XP level 4. HP: 22/34 MP: 4/7
  2021 | D:2      | Found an iron altar of Okawaru.
  2127 | D:3      | Noticed Philosophy's ghost (amateur HOFi)
  2661 | D:3      | Learned a level 2 spell: Song of Slaying
  2866 | D:3      | Noticed a bullfrog
  3408 | D:3      | Reached XP level 5. HP: 31/40 MP: 9/9
  3771 | D:3      | Learned a level 3 spell: Regeneration
  3823 | D:3      | Reached skill level 1 in Necromancy
  4173 | D:3      | Reached XP level 6. HP: 30/47 MP: 0/10
  4349 | D:3      | Reached skill level 1 in Short Blades
  5249 | D:4      | Reached skill level 2 in Necromancy
  5363 | D:4      | Found a white marble altar of Elyvilon.
  5403 | D:4      | Got a fine golden ring
  5431 | D:4      | Identified the ring "Noh Dirhiab" {+Inv Int-4 Dex+4 SInv} (You found it on level 4 of the Dungeon)
  5879 | D:4      | Found a sparkling altar of Nemelex Xobeh.
  5882 | D:4      | Found a shadowy altar of Dithmenos.
  5882 | D:4      | Found an opulent altar of Gozag.
  5884 | D:4      | Found a stormy altar of Qazlal.
  5884 | D:4      | Found a glowing golden altar of the Shining One.
  5937 | D:4      | Reached skill level 5 in Charms
  5962 | D:4      | Noticed Robin
  6051 | D:4      | Killed Robin
  6514 | D:4      | Found a staircase to the Ecumenical Temple.
  6613 | Temple   | Entered the Ecumenical Temple
  6905 | D:3      | Reached XP level 7. HP: 25/52 MP: 1/11
  7387 | D:5      | Entered Level 5 of the Dungeon
  7461 | D:5      | Reached skill level 3 in Necromancy
  8420 | D:6      | Noticed Menkaure
  8434 | D:5      | Found a snail-covered altar of Cheibriados.
  8676 | D:5      | Found an ancient bone altar of Kikubaaqudgha.
  8688 | D:5      | Became a worshipper of Kikubaaqudgha
  8855 | D:5      | Reached skill level 4 in Necromancy
  9256 | D:5      | Reached XP level 8. HP: 55/61 MP: 3/12
 10019 | D:6      | Noticed Blork the orc
 10060 | D:6      | Noticed Eustachio
 10099 | D:6      | Found a blossoming altar of Fedhas.
 10114 | D:6      | Killed Blork the orc
 10114 | D:6      | Reached skill level 5 in Long Blades
 10386 | D:6      | Killed Eustachio
 10386 | D:6      | Reached skill level 5 in Necromancy
 10558 | D:6      | Noticed Grinder
 10647 | D:6      | Reached skill level 5 in Fighting
 11547 | D:6      | Learned a level 4 spell: Animate Dead
 11960 | D:7      | Found a runed door.
 12101 | D:7      | Reached XP level 9. HP: 67/68 MP: 9/14
 12122 | D:7      | Reached * piety under Kikubaaqudgha
 12122 | D:7      | Identified Kikubaaqudgha's Compendium of Sinister Rituals (Kikubaaqudgha gifted it to you on level 7 of the Dungeon)
 12122 | D:7      | Received a gift from Kikubaaqudgha
 12848 | D:7      | Noticed Crazy Yiuf
 12858 | D:7      | Killed Crazy Yiuf
 13045 | D:7      | Reached skill level 6 in Necromancy
 14697 | D:9      | Reached ** piety under Kikubaaqudgha
 14706 | D:9      | Reached skill level 5 in Spellcasting
 15255 | D:9      | Noticed a troll
 15281 | D:9      | Killed a troll
 15414 | D:9      | Reached skill level 7 in Necromancy
 15983 | D:9      | Reached XP level 10. HP: 43/77 MP: 3/18
 16313 | D:10     | Entered Level 10 of the Dungeon
 16676 | D:10     | Found a staircase to the Orcish Mines.
 17475 | D:10     | Noticed Josephine
 17736 | D:10     | Reached skill level 1 in Armour
 18025 | D:11     | Noticed a hill giant
 18040 | D:11     | Found a staircase to the Lair.
 18060 | D:11     | Reached *** piety under Kikubaaqudgha
 18060 | D:11     | Identified Kikubaaqudgha's Disquisition on Sinister Magic (Kikubaaqudgha gifted it to you on level 11 of the Dungeon)
 18060 | D:11     | Received a gift from Kikubaaqudgha
 18090 | D:11     | Learned a level 5 spell: Dispel Undead
 18516 | D:11     | Reached skill level 8 in Necromancy
 18835 | D:12     | Noticed a manticore
 19280 | D:11     | Noticed a purple ugly thing
 19377 | D:10     | Learned a level 5 spell: Agony
 20282 | D:10     | Killed Josephine
 20282 | D:10     | Reached XP level 11. HP: 86/86 MP: 2/21
 20587 | D:11     | Reached skill level 9 in Necromancy
 20892 | D:11     | Noticed a hill giant
 20941 | D:11     | Reached **** piety under Kikubaaqudgha
 21270 | D:11     | Killed a purple ugly thing
 21516 | D:12     | Noticed a hill giant
 21801 | D:13     | Found a gate to the Vaults.
 21801 | D:13     | Noticed an orc knight
 21801 | D:13     | Noticed a centaur warrior
 21801 | D:13     | Noticed Rupert
 21801 | D:13     | Noticed a red ugly thing
 22210 | D:12     | HP: 4/86 [redback (7)]
 23325 | D:12     | Reached skill level 1 in Evocations
 23425 | D:12     | HP: 2/86 [gargoyle/stone arrow (20)]
 23427 | D:12     | Killed from afar by a gargoyle

Skill      XL: |  1  2  3  4  5  6  7  8  9 10 11 |
---------------+----------------------------------+-----
Fighting       | 2 3 4 5 6 8 |  8.3
Long Blades    | 3 4 5 7 |  7.5
Charms         | 4 5 |  5.0
Spellcasting   | 3 5 6 7 |  7.5
Necromancy     | 1 2 4 5 7 8 9 |  9.4
Short Blades   | 1 3 4 |  4.9
Armour         | 3 4 |  4.1
Evocations     | 1 |  1.1
Dodging        | |  1.1

Action                   |  1- 3 |  4- 6 |  7- 9 | 10-12 || total
-------------------------+-------+-------+-------+-------++-------
Melee: Falchion          |   123 |    75 |       |       ||   198
       Bite              |    15 |    36 |    78 |    51 ||   180
       Unarmed           |       |    60 |    52 |     3 ||   115
       Dagger            |       |   181 |   663 |   482 ||  1326
 Cast: Infusion          |     6 |    24 |    47 |    44 ||   121
       Shroud of Golubri |     1 |    18 |    31 |    14 ||    64
       Song of Slaying   |       |     6 |    12 |     7 ||    25
       Regeneration      |       |    10 |    28 |    23 ||    61
       Dispel Undead     |       |       |       |    12 ||    12
       Agony             |       |       |       |    17 ||    17
       Animate Dead      |       |       |       |     4 ||     4
 Abil: End Transformatio |     1 |    22 |    55 |    54 ||   132
       Bat Form          |     1 |    22 |    55 |    54 ||   132
Evoke: Wand              |       |       |     7 |    17 ||    24
  Use: Potion            |       |     4 |    10 |    15 ||    29
       Scroll            |       |       |     6 |     2 ||     8
 Stab: Sleeping          |       |     5 |    11 |     5 ||    21
       Distracted        |       |     1 |       |       ||     1
       Confused          |       |       |     2 |     2 ||     4
       Paralysed         |       |       |       |     3 ||     3
  Eat: Corpse            |     1 |    10 |    11 |     4 ||    26
Armor: Leather armour    |    44 |    48 |   106 |       ||   198
       Troll leather arm |       |       |    16 |    79 ||    95
Dodge: Dodged            |    73 |   159 |   238 |   147 ||   617
       Rpst.: Falchion   |    20 |    13 |       |       ||    33
